 Dungeon Crawl Stone Soup version 0.26-a0-504-g0cf647090d (webtiles) character file.

Game seed: 12708932824257643249

93 Ge0ff the Ruffian (level 4, 0/34 HPs)
             Began as a Barachi Warper on Aug 8, 2020.
             Was an Initiate of Ru.
             Succumbed to a gnoll's poison
             ... on level 2 of the Dungeon.
             The game lasted 00:09:16 (2300 turns).

Ge0ff the Ruffian (Barachi Warper)                  Turns: 2300, Time: 00:09:16

Health: 0/34       AC:  8    Str: 14    XL:     4   Next: 61%
Magic:  7/7        EV: 14    Int: 13    God:    Ru [......]
Gold:   99         SH:  0    Dex: 11    Spells: 7/7 levels left

rFire    . . .     SeeInvis .     - Unarmed
rCold    . . .     Faith    .   (no shield)
rNeg     . . .     Spirit   .   U - +0 scale mail
rPois    .         Reflect  .   E - +0 helmet
rElec    .         Harm     .   Z - +0 cloak
rCorr    .                      (no gloves)
MR       .....                  (no boots)
Stlth    ..........             (no amulet)
HPRegen  0.11/turn              (no ring)
MPRegen  0.10/turn              (no ring)

@: mighty, brilliant, agile, lethally poisoned (0 -> -20), can't hop, slow
A: +LOS, swims, slowness 1, strong legs 1
a: Hop, Renounce Religion


You were on level 2 of the Dungeon.
You worshipped Ru.
Ru was noncommittal.
You visited 2 branches of the dungeon, and saw 5 of its levels.

You collected 99 gold pieces.

Inventory:

Missiles
 J - 47 stones (quivered) {don't train}
 K - 4 javelins {don't train}
Armour
 E - a +0 helmet (worn)
 G - a +0 buckler
 U - a +0 scale mail (worn)
 Z - a +0 cloak (worn)
Jewellery
 H - a cursed amulet of inaccuracy {unknown}
Scrolls
 B - 2 scrolls of blinking
 C - 2 scrolls of remove curse
 T - 2 scrolls of teleportation
 V - a scroll of immolation {unknown}
 W - a scroll of fear {unknown}
 Y - a scroll of identify {unknown}
Potions
 F - a potion of stabbing
 M - a potion of might


   Skills:
 - Level 2.9 Fighting
 - Level 1.0 Throwing
 - Level 1.2 Armour
 - Level 2.1 Dodging
 + Level 1.7 Shields
 - Level 4.4 Unarmed Combat
 - Level 2.1 Spellcasting
   Level 3.2 Translocations


You had 7 spell levels left.
You didn't know any spells.
Your spell library contained the following spells:

 Spells                   Type           Power        Failure   Level
 Blink                    Tloc           N/A          38%         2
 Gell's Gravitas          Tloc           ##........   63%         3
 Lesser Beckoning         Tloc           ##........   63%         3
 Teleport Other           Tloc           ##......     63%         3
 Passage of Golubria      Tloc           N/A          95%         4


Dungeon Overview and Level Annotations

Branches:
Dungeon (4/15)             Temple (1/1) D:4

Altars:
Dithmenos
Elyvilon
Gozag
Hepliaklqana
Kikubaaqudgha
Qazlal
Ru
Trog
Vehumet
Wu Jian
Xom
Yredelemnul
The Shining One

Shops:
D:4 (

Annotations:
D:2 Sigmund


Innate Abilities, Weirdness & Mutations

You can be seen from farther away. (+LOS)
You can swim through water.
You cover ground slowly.
You can hop short distances.


Message History

You throw a javelin {don't train}.
The javelin {don't train} barely misses the gnoll.
The gnoll hits you but does no damage.
You are lethally poisoned!
It was a potion of might.
You feel very mighty all of a sudden.
M - a potion of might
* * * LOW HITPOINT WARNING * * *
You feel sick.
Unknown command.
It was a potion of brilliance.
You feel clever all of a sudden.
* * * LOW HITPOINT WARNING * * *
You feel sick.
The gnoll hits you with a +0 club of chaos.
* * * LOW HITPOINT WARNING * * *
You are more poisoned.
You punch the gnoll!
You kill the gnoll!
You die...

###### #....##
##########
##.##..###.(..(.(.#
##...##...@)######.#
##.....##.#### .#
###.......#.# g.#
#....._.....# ⌠.^
#.#.......#.# ..#
#.##.....##.# $#
#.###...##..# .
####...##.##..##
......##..##.## #


There were no monsters in sight!

Vanquished Creatures
  4 gnolls
  2 adders (D:2)
  2 worms (D:2)
  A leopard gecko (D:4)
  An orc (D:4)
  A ball python (D:4)
  6 bats
  A giant cockroach (D:1)
  2 goblins
  2 hobgoblins (D:1)
  2 frilled lizards (D:1)
  2 kobolds
  6 rats
32 creatures vanquished.

Notes
Turn   | Place    | Note
-------+----------+-------------------------------------------
     0 | D:1      | Ge0ff the Barachi Warper began the quest for the Orb.
     0 | D:1      | Reached XP level 1. HP: 17/17 MP: 3/3
   194 | D:2      | Reached skill level 3 in Unarmed Combat
   194 | D:2      | Reached XP level 2. HP: 9/23 MP: 5/5
   307 | D:2      | Reached XP level 3. HP: 19/28 MP: 6/6
   372 | D:4      | Found an ancient bone altar of Kikubaaqudgha.
   377 | D:4      | Found Weudirch's Antique Weapon Shoppe.
   430 | D:4      | Reached skill level 4 in Unarmed Combat
   440 | D:4      | Reached XP level 4. HP: 7/34 MP: 7/7
   493 | D:4      | Found a staircase to the Ecumenical Temple.
   499 | Temple   | Entered the Ecumenical Temple
   756 | Temple   | Became a worshipper of Ru the Awakened
  1620 | D:2      | Found a glowing golden altar of the Shining One.
  1661 | D:2      | Reached skill level 1 in Shields
  1734 | D:2      | Noticed Sigmund
  2214 | D:2      | Found a basalt altar of Yredelemnul.
  2300 | D:2      | Succumbed to a gnoll's poison

Illustrated notes

Levels and vault maps discovered:
D:1:      dpeg_arrival_signposts, layout_basic
D:2:      layout_rooms, nicolae_tso_swordbearing_angel, lemuel_round_altar,
          minivault_14, tgw_xom, uniq_sigmund
D:3:      layout_basic, nicolae_overflow_crystal_walls, gammafunk_ghost_split,
          uniq_ijyb, uniq_jessica
D:4:      layout_basic, old_standard_altar, gammafunk_temple_overflow_statue,
          minmay_temple_entry_hall, serial_shops, shop
Temple:   zaba_magenta_temple

Skill      XL: |  1  2  3  4 |
---------------+-------------+-----
Unarmed Combat | 3 4 |  4.4
Shields        | 1 |  1.7
Fighting       | |  2.9
Throwing       | |  1.0
Armour         | |  1.2
Dodging        | |  2.1
Spellcasting   | |  2.1
Translocations | |  3.2

Action                   |  1- 3 |  4- 6 || total
-------------------------+-------+-------++-------
Melee: Unarmed           |   118 |    41 ||   159
       Punch             |     2 |     1 ||     3
Throw: Stone             |    11 |    15 ||    26
       Boomerang         |     3 |     2 ||     5
       Javelin           |       |     1 ||     1
 Abil: Hop               |       |     1 ||     1
  Use: Scroll            |     3 |       ||     3
       Potion            |       |     3 ||     3
Armor: Ring mail         |    63 |     1 ||    64
       Scale mail        |       |    14 ||    14
Dodge: Dodged            |    81 |    15 ||    96

Table legend: (Time is in decaauts)
 A = Elapsed time spent in this place.
 B = Non-inter-level travel time spent in this place.
 C = Inter-level travel time spent in this place.
 D = Time resting spent in this place.
 E = Time spent auto-exploring this place.
 F = Levels seen in this place.
 G = Mean time per level.
                   A        B        C        D        E       F      G
               +--------+--------+--------+--------+--------+-----+--------+
         Total |   2606 |   2391 |    215 |      0 |   1501 |   5 |  521.2 |
       Dungeon |   2316 |   2150 |    166 |      0 |   1283 |   4 |  579.0 |
        Temple |    289 |    240 |     49 |      0 |    217 |   1 |  289.0 |
               +--------+--------+--------+--------+--------+-----+--------+

Top non-repeatable levels by time:
     D:1: 1348 daAuts
     D:2: 746 daAuts
  Temple: 289 daAuts
     D:4: 200 daAuts
     D:3: 21 daAuts
